 Dungeon Crawl Stone Soup version 0.32-a0-913-g739538afd8 (webtiles) character file.

Game seed: 9935009704436687563

191 Bediveer the Changeling (level 5, -2/54 HPs)
             Began as an Oni Shapeshifter on Apr 9, 2024.
             Slain by a killer bee (6 damage)
             ... on level 4 of the Dungeon.
             The game lasted 00:03:30 (2812 turns).

Bediveer the Changeling (Oni Shapeshifter)          Turns: 2812, Time: 00:03:31

Health: -2/54      AC:  4    Str: 20    XL:     5   Next: 70%
Magic:  5/5        EV:  8    Int: 11    God:
Gold:   183        SH:  0    Dex:  8    Spells: 4/4 levels left

rFire   . . .        l - +3 whip (drain)
rCold   + . .        (no shield)
rNeg    . . .        a - +1 animal skin
rPois   .            (helmet currently unavailable)
rElec   .            (cloak currently unavailable)
rCorr   .            (gloves unavailable)
SInv    .            (boots unavailable)
Will    .....        (no amulet)
Stlth   +            r - ring of protection from cold
HPRegen 0.29/turn    (no ring)
MPRegen 0.09/turn

%: no passive effects
@: mighty, lethally poisoned (-2 -> -3), beast-form, on berserk cooldown,
attractive, slowed, invisible, very slow
A: beast (slay +2), large, unfitting armour, horns 1, tough skin 1, double
potion healing, drunken brawling
a: Begin Untransformation


You were on level 4 of the Dungeon.
You were a hulking beast.
You visited 1 branch of the dungeon, and saw 4 of its levels.

You collected 183 gold pieces.

Inventory:

Hand Weapons
 l - a +3 whip of draining (weapon)
Armour
 a - a +1 animal skin (worn)
Jewellery
 r - a ring of protection from cold (left hand)
Talismans
 c - a beast talisman (active)
 d - a flux talisman
Scrolls
 n - a scroll of poison
Potions
 f - a potion of resistance {unknown}
 i - a potion of berserk rage
 p - a potion of enlightenment {unknown}


   Skills:
 - Level 4.0 Fighting
 - Level 1.7 Dodging
 - Level 2.6 Unarmed Combat
 * Level 5.1 Shapeshifting


You had 4 spell levels left.
You didn't know any spells.
Your spell library contained the following spells:

 Spells                   Type           Power      Damage    Failure   Level
 Passage of Golubria      Tloc           0%         N/A       98%         4
 Silence                  Hex/Air        0%         N/A       100%        5
 Lehudib's Crystal Spear  Conj/Erth      0%         10d2      100%        8


Dungeon Overview and Level Annotations

Branches:
Dungeon (4/15)
 Temple: D:4-7

Altars:
Kikubaaqudgha

Annotations:
D:3 2 transporters


Innate Abilities, Weirdness & Mutations

You are a hulking beast.
Your limbs bulge with bestial killing power. (Slay +2)
You are too large for most types of armour.
You have a pair of small horns on your head.
You have tough skin. (AC +1)
You gain doubled healing and magic from potions.
Whenever you drink a healing potion, you attack all around you.


Message History

It was a potion of attraction.
You feel attractive to monsters. The killer bee misses you.
The killer bee stings you.
* * * LOW HITPOINT WARNING * * *
The killer bee stings you.
* * * LOW HITPOINT WARNING * * *
Okay, then.
Okay, then.
The killer bee stings you.
* * * LOW HITPOINT WARNING * * *
You are lethally poisoned!
The killer bee poisons you! The killer bee stings you.
* * * LOW HITPOINT WARNING * * *
You take a swig of the potion and twirl your +3 whip of draining.
You hit the killer bee. You drain the killer bee.
Your headbutt misses the killer bee.
The killer bee is lightly wounded.
You savour every drop.
You feel better. The killer bee stings you.
* * * LOW HITPOINT WARNING * * *
The killer bee stings you.
* * * LOW HITPOINT WARNING * * *
The killer bee barely misses you.
Blink to where?
Press: ? - help, Dir - move target
As you read the scroll of blinking, it crumbles to dust.
The killer bee is attracted toward you. x2; Something is attracted toward you.
Okay, then.
It was a potion of invisibility.
You fade into invisibility!
The killer bee stings you.
* * * LOW HITPOINT WARNING * * *
You are poisoned.
The killer bee poisons you! The killer bee stings you.
* * * LOW HITPOINT WARNING * * *
The killer bee stings you.
* * * LOW HITPOINT WARNING * * *
It was a potion of might.
You feel very mighty all of a sudden.
You feel sick. The killer bee barely misses you. The killer bee stings you.
You die...

#.###.#
##.#.## ##..#
##.# #.# #.#
#.# #.#
...#########h#
......y.y§yyy#
..############


You could see 3 killer bees.

Vanquished Creatures
  A killer bee (D:4)
  An iguana (D:4)
  3 adders (D:2)
  3 ribbon worms (D:3)
  3 dart slugs (D:2)
  6 endoplasms
  4 giant cockroaches
  9 goblins
  9 hobgoblins
  3 jackals (D:1)
  4 quokkas
  7 ball pythons
  6 bats
  5 frilled lizards
  8 kobolds
  8 rats
80 creatures vanquished.

Notes
Turn   | Place    | Note
-------+----------+-------------------------------------------
     0 | D:1      | Bediveer the Oni Shapeshifter began the quest for the Orb.
     0 | D:1      | Reached XP level 1. HP: 19/19 MP: 1/1
   193 | D:1      | Reached XP level 2. HP: 26/28 MP: 2/2
   671 | D:1      | Reached XP level 3. HP: 36/36 MP: 3/3
  1124 | D:2      | Reached skill level 4 in Shapeshifting
  1255 | D:2      | Reached XP level 4. HP: 27/42 MP: 4/4
  2094 | D:3      | Found a transporter.
  2137 | D:3      | Reached XP level 5. HP: 52/53 MP: 5/5
  2248 | D:3      | Found a transporter.
  2403 | D:3      | Found an ancient bone altar of Kikubaaqudgha.
  2806 | D:4      | Reached skill level 5 in Shapeshifting
  2808 | D:4      | HP: 1/54 [killer bee (5)]
  2812 | D:4      | Slain by a killer bee

Illustrated notes

Levels and vault maps discovered:
D:1:      wander_arrival_desolate, layout_loops_corners, due_unseen_surprise
D:2:      layout_loops_ring, serial_bayou_pond_e
D:3:      gammafunk_wand_slinger, layout_loops_ring,
          nicolae_kikubaaqudgha_miasma_corner, grunt_ministairs_5, st_stairs_10,
          nicolae_wormholes
D:4:      layout_loops_corners, yredelemnul_forgotten_temple_becter

Skill      XL: |  1  2  3  4  5 |
---------------+----------------+-----
Fighting       | 2 3 4 |  4.0
Shapeshifting  | 4 5 |  5.1
Dodging        | |  1.7
Unarmed Combat | |  2.6

Action                     |  1- 3 |  4- 6 || total
---------------------------+-------+-------++-------
  Melee: Unarmed           |   104 |       ||   104
         Headbutt          |    13 |     9 ||    22
         Punch             |     1 |       ||     1
         Whip              |       |    88 ||    88
    Use: Scroll            |     4 |     6 ||    10
         Potion            |       |     9 ||     9
   Stab: Sleeping          |       |     1 ||     1
 Armour: Animal skin       |    63 |    61 ||   124
         Skin              |       |    28 ||    28
  Dodge: Dodged            |    45 |    43 ||    88

Table legend: (Time is in decaauts)
 A = Elapsed time spent in this place.
 B = Non-inter-level travel time spent in this place.
 C = Inter-level travel time spent in this place.
 D = Time resting spent in this place.
 E = Time spent auto-exploring this place.
 F = Levels seen in this place.
 G = Mean time per level.
                   A        B        C        D        E       F      G
               +--------+--------+--------+--------+--------+-----+--------+
         Total |   2816 |   2730 |     86 |      0 |   2263 |   4 |  704.0 |
       Dungeon |   2816 |   2730 |     86 |      0 |   2263 |   4 |  704.0 |
               +--------+--------+--------+--------+--------+-----+--------+

Top non-repeatable levels by time:
     D:1: 973 daAuts
     D:3: 792 daAuts
     D:2: 777 daAuts
     D:4: 272 daAuts
